 Dungeon Crawl Stone Soup version 0.22.1-1-ga44c0e56f4 (webtiles) character file.

3044 OwwwwO the Thaumaturge (level 9, -8/60 HPs)
             Began as a Mummy Necromancer on Sept 21, 2018.
             Was a Follower of Kikubaaqudgha.
             Mangled by a shadow (15 damage)
             ... created by the darkness of Dithmenos
             ... on level 8 of the Dungeon.
             The game lasted 00:59:20 (11581 turns).

OwwwwO the Thaumaturge (Mummy Necromancer)         Turns: 11581, Time: 00:59:20

Health: -8/60      AC: 15    Str: 14    XL:     9   Next: 56%
Magic:  23/23      EV: 12    Int: 17    God:    Kikubaaqudgha [*.....]
Gold:   329        SH:  0    Dex: 12    Spells: 24/29 levels left

rFire    x . .     SeeInvis .   m - +2 dagger (venom)
rCold    + . .     Gourm    .   (no shield)
rNeg     + + +     Faith    .   q - +2 leather armour "Baketz Zaqu" {Slay+4}
rPois    ∞         Spirit   .   v - +1 helmet
rElec    .         Reflect  .   d - +2 cloak
rCorr    .         Harm     .   l - +0 pair of gloves
MR       +....                  (no boots)
Stlth    ++........             (no amulet)
HPRegen  0.20/turn              n - +2 ring of strength
MPRegen  0.18/turn              j - +4 ring of protection

@: very slightly contaminated
A: no food or potions, fire vulnerability, cold resistance 1, negative energy
resistance 3, torment resistance, unbreathing
a: Receive Corpses, Renounce Religion


You were on level 8 of the Dungeon.
You worshipped Kikubaaqudgha.
Kikubaaqudgha was aware of your devotion.
You were not hungry.

You visited 2 branches of the dungeon, and saw 10 of its levels.

You collected 329 gold pieces.

Inventory:

Hand Weapons
 f - a -1 halberd
 m - a +2 dagger of venom (weapon)
 s - a +1 dagger of chaos
Armour
 c - a +1 helmet
 d - a +2 cloak (worn)
 l - a +0 pair of gloves (worn)
 q - the +2 leather armour "Baketz Zaqu" (worn) {Slay+4}
   (You found it on level 6 of the Dungeon)

   It affects your accuracy and damage with ranged weapons and melee attacks
   (+4).
 v - a +1 helmet (worn)
Jewellery
 e - a +3 ring of intelligence
 h - an uncursed ring of fire
 j - a +4 ring of protection (right hand)
 n - a +2 ring of strength (left hand)
 u - an uncursed ring of protection from fire
Wands
 i - a wand of flame (26)
 p - a wand of paralysis (16)
Scrolls
 a - a scroll of enchant weapon
 b - 2 scrolls of enchant armour {unknown}
 g - a scroll of amnesia {unknown}
 o - 3 scrolls of magic mapping
 t - 3 scrolls of remove curse
 w - 2 scrolls of identify


   Skills:
 + Level 1.6 Fighting
 + Level 2.1 Short Blades
 + Level 0.8 Polearms
 + Level 1.3 Armour
 + Level 3.2 Dodging
 + Level 2.3 Stealth
 + Level 0.3 Unarmed Combat
 + Level 10.6 Spellcasting
 + Level 9.2 Necromancy
 + Level 0.3 Evocations


You had 24 spell levels left.
You knew the following spells:

 Your Spells              Type           Power        Failure   Level  Hunger
a - Pain                  Necr           ####         1%          1    N/A
b - Animate Dead          Necr           N/A          2%          4    N/A

Your spell library contained the following spells:

 Spells                   Type           Power        Failure   Level  Hunger
 Animate Skeleton         Necr           N/A          1%          1    N/A
 Corpse Rot               Necr           N/A          1%          2    N/A
 Vampiric Draining        Necr           #####.....   1%          3    N/A
 Apportation              Tloc           #.....       10%         1    N/A
 Confusing Touch          Hex            #.....       10%         1    N/A
 Flame Tongue             Conj/Fire      #....        10%         1    N/A
 Summon Small Mammal      Summ           #...         10%         1    N/A
 Throw Flame              Conj/Fire      #.....       16%         2    N/A
 Conjure Flame            Conj/Fire      #.......     30%         3    N/A
 Inner Flame              Hex/Fire       #.......     30%         3    N/A
 Sticky Flame             Conj/Fire      #.......     69%         4    N/A
 Fireball                 Conj/Fire      #.........   95%         5    N/A
 Regeneration             Chrm/Necr      Unusable     N/A         3    N/A

Dungeon Overview and Level Annotations

Branches:
Dungeon (9/15)             Temple (1/1) D:7
   Lair: D:8-11         Orc: D:9-12

Altars:
Ashenzari
Dithmenos
Hepliaklqana
Kikubaaqudgha
Makhleb
Nemelex Xobeh
Qazlal
Ru
Sif Muna
Trog
Wu Jian
Xom


Innate Abilities, Weirdness & Mutations

You do not eat or drink.
Your flesh is vulnerable to fire.
You are immune to poison.
Your flesh is cold resistant. (rC+)
You are immune to negative energy. (rN+++)
You are immune to unholy pain and torment.
You can survive without breathing.


Message History

Press: ? - help, Dir - move target cursor You are very lightly contaminated with residual magic.
As you read the scroll of blinking, it crumbles to dust.
You see here a stone.
The shadow strikes at you from the darkness!
Reactivating autopickup.
You see here a stone.
The shadow slips into darkness.
The shadow flickers and vanishes!
Deactivating autopickup; reactivate with Ctrl-A.
The shadow strikes at you from the darkness!
* * * LOW HITPOINT WARNING * * *
Reactivating autopickup.
Blink to where?
Press: ? - help, Dir - move target cursor
As you read the scroll of blinking, it crumbles to dust.
There is a stone staircase leading down here.
The shadow strikes at you from the darkness!
You die...
Kikubaaqudgha rasps: "You have failed me!
Welcome... oblivion!"

#.# ###..####..#.######. #.#
#.###....W............######.####
#...+.......##..[######......[...
.(.(........###W.# #.####.####
############# #..# #.#.......#
#..######.#.##.##.#
#.......#.#.#...#.#
#..####......._.... #.@#
###.#.#...#.# #### #.#.##.##.#
#.#.......# #.####.####
#.......... ######.#### #.....
######


You could see a shadow.

Vanquished Creatures
  4 yaks
  A wyvern (D:8)
  Edmund (D:4)
  An ice beast (D:8)
  A hornet zombie (D:7)
  A black bear (D:6)
  A sky beast (D:7)
  4 ogres
  A big kobold (D:8)
  2 bullfrogs
  A water moccasin zombie (D:6)
  A scorpion (D:6)
  2 howler monkeys (D:8)
  5 crimson imps
  6 hounds
  2 orc priests
  2 bullfrog skeletons
  2 iguanas
  2 orc wizards (D:6)
  4 worker ants
  Robin (D:2)
  A howler monkey zombie (D:8)
  2 worker ant zombies
  7 adders
  7 gnolls
  An ooze (D:1)
  3 adder skeletons
  An adder zombie (D:5)
  3 worms (D:2)
  2 dart slugs
  3 leopard geckos
  25 orcs
  4 bats
  5 giant cockroaches
  16 goblins
  5 hobgoblins
  6 jackals
  5 quokkas
  3 ball pythons
  6 frilled lizards
  A jackal skeleton (D:4)
  10 kobolds
  A quokka skeleton (D:6)
  A quokka zombie (D:5)
  10 rats
173 creatures vanquished.

Vanquished Creatures (collateral kills)
  An ogre (D:6)
  2 bullfrogs
  A bullfrog zombie (D:7)
  3 orc priests (D:7)
  A jelly (D:7)
  6 orcs
  2 hobgoblins (D:2)
  3 kobolds
  2 bats
  A frilled lizard (D:3)
  A goblin (D:3)
23 creatures vanquished.

Grand Total: 196 creatures vanquished

Notes
Turn   | Place    | Note
-------+----------+-------------------------------------------
     0 | D:1      | OwwwwO the Mummy Necromancer began the quest for the Orb.
     0 | D:1      | Reached XP level 1. HP: 13/13 MP: 4/4
   122 | D:1      | Reached XP level 2. HP: 11/19 MP: 1/5
   528 | D:1      | Reached skill level 3 in Spellcasting
   561 | D:1      | Reached XP level 3. HP: 12/24 MP: 1/7
  1636 | D:2      | Reached XP level 4. HP: 30/30 MP: 5/9
  1639 | D:2      | Reached skill level 5 in Necromancy
  1815 | D:1      | Learned a level 4 spell: Animate Dead
  2631 | D:3      | Noticed Robin
  2942 | D:2      | Killed Robin
  2942 | D:2      | Reached skill level 4 in Spellcasting
  3418 | D:2      | Reached XP level 5. HP: 26/35 MP: 0/11
  4943 | D:4      | Found a shadowy altar of Dithmenos.
  4951 | D:4      | Became a worshipper of Dithmenos the Shadowed
  5056 | D:4      | Reached skill level 5 in Spellcasting
  5194 | D:4      | Noticed Edmund
  5205 | D:4      | Reached XP level 6. HP: 41/41 MP: 10/13
  5435 | D:4      | Killed Edmund
  6415 | D:5      | Entered Level 5 of the Dungeon
  6601 | D:5      | Found a faded altar of an unknown god.
  6601 | D:5      | Found a faded altar of an unknown god.
  6617 | D:5      | Found a shattered altar of Ashenzari.
  6622 | D:5      | Found a sparkling altar of Nemelex Xobeh.
  6624 | D:5      | Found a bloodstained altar of Trog.
  6760 | D:5      | Reached skill level 6 in Spellcasting
  6942 | D:5      | Reached XP level 7. HP: 36/46 MP: 9/16
  7757 | D:5      | Reached * piety under Dithmenos
  8063 | D:6      | Reached skill level 7 in Spellcasting
  8161 | D:6      | Found an ornate altar of the Wu Jian Council.
  8451 | D:6      | Reached XP level 8. HP: 29/52 MP: 15/19
  8740 | D:6      | Reached skill level 8 in Spellcasting
  8785 | D:6      | Found a stormy altar of Qazlal.
  8815 | D:6      | Got a spiked leather armour
  8854 | D:6      | Identified the +2 leather armour "Baketz Zaqu" {Slay+4}
                  | (You found it on level 6 of the Dungeon)
  9334 | D:6      | Found a shimmering altar of Xom.
  9334 | D:6      | Found a burning altar of Makhleb.
  9509 | D:7      | Found a staircase to the Ecumenical Temple.
  9596 | Temple   | Entered the Ecumenical Temple
  9606 | Temple   | Fell from the grace of Dithmenos
  9606 | Temple   | Became a worshipper of Kikubaaqudgha
  9656 | D:7      | Reached skill level 1 in Short Blades
  9696 | D:7      | Reached skill level 1 in Armour
  9890 | D:7      | Reached skill level 9 in Spellcasting
  9957 | D:7      | Reached skill level 1 in Fighting
 10318 | D:8      | Reached XP level 9. HP: 59/59 MP: 18/22
 10358 | D:8      | Reached * piety under Kikubaaqudgha
 10358 | D:8      | Identified Kikubaaqudgha's Handbook of Darkness
                  | (Kikubaaqudgha gifted it to you on level 8 of the Dungeon)
 10358 | D:8      | Received a gift from Kikubaaqudgha
 10396 | D:9      | Reached skill level 10 in Spellcasting
 10650 | D:8      | Found a sacrificial altar of Ru.
 11581 | D:8      | Mangled by a shadow

Skill      XL: |  1  2  3  4  5  6  7  8  9 |
---------------+----------------------------+-----
Spellcasting   | 3 4 5 6 7 9 10 | 10.6
Dodging        | 2 3 |  3.2
Necromancy     | 5 6 7 8 9 |  9.2
Stealth        | 2 |  2.3
Short Blades   | 1 2 |  2.1
Armour         | 1 |  1.3
Fighting       | 1 |  1.6
Polearms       | |  0.8
Unarmed Combat | |  0.3
Evocations     | |  0.3

Action                   |  1- 3 |  4- 6 |  7- 9 || total
-------------------------+-------+-------+-------++-------
Melee: Unarmed           |    35 |    31 |       ||    66
       Halberd           |       |    21 |     7 ||    28
       Dagger            |       |       |   171 ||   171
 Cast: Pain              |    84 |   168 |   171 ||   423
       Animate Dead      |       |    36 |    38 ||    74
Evoke: Wand              |       |       |     5 ||     5
  Use: Scroll            |     5 |     4 |     7 ||    16
 Stab: Sleeping          |       |       |     1 ||     1
Armor: Robe              |    10 |    40 |    28 ||    78
       Leather armour    |       |       |    85 ||    85
       Skin              |       |       |     1 ||     1
Dodge: Dodged            |    43 |   139 |   152 ||   334
